 Dungeon Crawl Stone Soup version 0.24.1-5-g77f818bfca (webtiles) character file.

Game seed: 8755713070833792334, levelgen mode: deterministic

12 Gruesph the Carver (level 2, -6/26 HPs)
             Began as a Gnoll Wanderer on Apr 22, 2020.
             Killed by divine providence
             ... invoked by an orc priest
              (11 damage)
             ... on level 2 of the Dungeon.
             The game lasted 00:02:26 (1240 turns).

Gruesph the Carver (Gnoll Wanderer)                 Turns: 1240, Time: 00:02:26

Health: -6/26      AC: 10    Str: 12    XL:     2   Next: 33%
Magic:  2/2        EV:  8    Int: 13    God:
Gold:   12         SH:  0    Dex: 17    Spells: 1/1 levels left

rFire    . . .     SeeInvis .   a - +0 falchion
rCold    . . .     Gourm    .   (no shield)
rNeg     . . .     Faith    .   m - +2 scale mail
rPois    .         Spirit   .   (no helmet)
rElec    .         Reflect  .   (no cloak)
rCorr    .         Harm     .   (no gloves)
MR       .....                  h - +1 pair of boots
Stlth    +.........             (no amulet)
HPRegen  0.08/turn              (no ring)
MPRegen  0.08/turn              (no ring)

@: no status effects
A: distributed training, fangs 1, strong nose
a: no special abilities


You were on level 2 of the Dungeon.
You were not hungry.

You visited 1 branch of the dungeon, and saw 2 of its levels.

You collected 12 gold pieces.

Inventory:

Hand Weapons
 a - a +0 falchion (weapon)
 b - a +0 hunting sling
 j - a +1 dagger of freezing
Missiles
 d - 26 arrows
 i - 17 sling bullets
 k - 35 stones (quivered)
Armour
 h - a +1 pair of boots (worn)
 m - a +2 scale mail (worn)
Scrolls
 g - a scroll of identify {unknown}
Potions
 c - a potion of curing
 e - a potion of agility {unknown}
Comestibles
 f - 2 rations


   Skills:
 + Level 4.4 Fighting
 + Level 0.3 Short Blades
 + Level 8.4 Long Blades
 + Level 0.3 Axes
 + Level 2.4 Maces & Flails
 + Level 0.3 Polearms
 + Level 0.3 Staves
 + Level 0.3 Slings
 + Level 0.3 Bows
 + Level 0.3 Crossbows
 + Level 0.3 Throwing
 + Level 2.4 Armour
 + Level 0.3 Dodging
 + Level 4.0 Stealth
 + Level 0.3 Shields
 + Level 0.3 Unarmed Combat
 + Level 0.3 Spellcasting
 + Level 0.2 Conjurations
 + Level 0.2 Hexes
 + Level 0.2 Charms
 + Level 0.2 Summonings
 + Level 0.2 Necromancy
 + Level 0.2 Translocations
 + Level 0.2 Transmutations
 + Level 0.2 Fire Magic
 + Level 0.2 Ice Magic
 + Level 0.2 Air Magic
 + Level 0.2 Earth Magic
 + Level 0.2 Poison Magic
 + Level 0.4 Invocations
 + Level 0.3 Evocations


You had one spell level left.
You didn't know any spells.
Your spell library was empty.

Dungeon Overview and Level Annotations

Branches:
Dungeon (2/15)

Altars:


Innate Abilities, Weirdness & Mutations

Your experience applies equally to all skills.
You have very sharp teeth.
Your uncanny sense of smell can sniff out nearby items.


Message History

Pain shoots through your body!
You barely miss the orc priest.
The orc priest calls down the wrath of Beogh upon you.
Pain shoots through your body!
* * * LOW HITPOINT WARNING * * *
You hit the orc priest. You bite the orc priest.
The orc priest is lightly wounded.
The orc priest barely misses you.
You riposte.
You hit the orc priest but do no damage.
The orc priest is lightly wounded.
You closely miss the orc priest.
The orc priest is lightly wounded.
The orc priest hits you but does no damage.
You slash the orc priest!
The orc priest is severely wounded.
You hit the orc priest but do no damage.
The orc priest is severely wounded.
The orc priest calls down the wrath of Beogh upon you.
Beogh smites you!
You die...

#.........<#
#....##.####.#
#............#
#.......######
##.####.# # #.#
#.# #.# #@# #o#
...∆ ..# ...
$..# #.##(..#.
#.##.(... .
#.##(.(## ...##
#.....>..
......#.......#


You could see an orc priest.

Vanquished Creatures
  A dart slug (D:1)
  A leopard gecko (D:1)
  2 orcs (D:1)
  2 goblins
  A frilled lizard (D:1)
7 creatures vanquished.

Notes
Turn   | Place    | Note
-------+----------+-------------------------------------------
     0 | D:1      | Gruesph the Gnoll Wanderer began the quest for the Orb.
     0 | D:1      | Gruesph set off with the following items: a +0 falchion, a
                  | +2 scale mail, a potion of curing, a +0 dagger, a ration
     0 | D:1      | Reached XP level 1. HP: 20/20 MP: 1/1
   371 | D:1      | Reached XP level 2. HP: 26/26 MP: 2/2
  1240 | D:2      | Killed from afar by an orc priest

Levels and vault maps discovered:
D:1:      dpeg_arrival_renting, layout_basic, glass_columns_b,
          palyth_stone_intersect
D:2:      layout_basic, yredelemnul_forgotten_temple_becter,
          chequers_ecumenical_altar_simple, first_ration,
          uniq_crazy_yiuf_cottage

Action                   || total
-------------------------++-------
Melee: Falchion          ||    29
       Bite              ||     4
 Fire: Hunting sling     ||     4
Throw: Stone             ||     1
  Eat: Chunk             ||     1
Armor: Scale mail        ||    15
Dodge: Dodged            ||     6
       Rpst.: Falchion   ||     2
